 Dungeon Crawl Stone Soup version 0.29.1-1-gd02db6906a (webtiles) character file.

Game seed: 3204461630680759211

269 GigaChad the Trooper (level 6, -7/60 HPs)
             Began as a Minotaur Fighter on Oct 5, 2022.
             Was a Follower of Jiyva.
             Mangled by an iguana (10 damage)
             ... on level 4 of the Dungeon.
             The game lasted 00:07:46 (2367 turns).

GigaChad the Trooper (Minotaur Fighter)             Turns: 2367, Time: 00:07:47

Health: -7/60      AC: 12    Str: 23    XL:     6   Next: 1%
Magic:  5/5        EV:  6    Int:  5    God:    Jiyva [*.....]
Gold:   90         SH:  4    Dex:  9    Spells: 5/5 levels left

rFire   . . .      SeeInvis .   a - +0 long sword
rCold   . . .      Faith    .   c - +0 buckler
rNeg    . . .      Spirit   .   g - +0 plate armour
rPois   .          Reflect  .   (helmet restricted)
rElec   .          Harm     .   (no cloak)
rCorr   .          Rampage  .   (no gloves)
Will    .....                   (no boots)
Stlth   ..........              (no amulet)
HPRegen 1.00/turn               (no ring)
MPRegen 0.34/turn               (no ring)

@: no status effects
A: horns 2, retaliatory headbutt
a: Renounce Religion


You were on level 4 of the Dungeon.
You worshipped Jiyva.
Jiyva was aware of your devotion.
You visited 1 branch of the dungeon, and saw 4 of its levels.

You collected 90 gold pieces.

Inventory:

Hand Weapons
 a - a +0 long sword (weapon)
 p - a +0 glaive
Missiles
 m - 6 poisoned darts (quivered)
Armour
 b - a +0 scale mail
 c - a +0 buckler (worn)
 g - a +0 plate armour (worn)
Wands
 k - a wand of mindburst (2)
Scrolls
 h - 4 scrolls of amnesia
 o - 2 scrolls of acquirement {unknown}
 r - a scroll of fear {unknown}
 s - a scroll of summoning {unknown}
 u - a scroll of identify {unknown}
 v - a scroll of poison {unknown}
 w - a scroll of immolation {unknown}
Potions
 d - a potion of might
 e - a potion of ambrosia {unknown}
 f - a potion of haste {unknown}
 i - a potion of magic {unknown}
 j - 3 potions of brilliance {unknown}
 l - 2 potions of curing {unknown}
 n - a potion of attraction {unknown}
 t - a potion of flight {unknown}
Miscellaneous
 q - a lightning rod (4/4)


   Skills:
 - Level 7.0 Fighting
 - Level 2.7 Long Blades
 + Level 5.1 Armour
 - Level 3.9 Shields


You had 5 spell levels left.
You didn't know any spells.
Your spell library contained the following spells:

 Spells                   Type           Power      Damage    Failure   Level
 Freeze                   Ice            0%         1d3       100%        1
 Static Discharge         Conj/Air       0%         3-3/arc   100%        2
 Confusing Touch          Hex            0%         N/A       100%        3
 Lesser Beckoning         Tloc           0%         N/A       100%        3
 Ozocubu's Armour         Ice            0%         N/A       100%        3
 Lightning Bolt           Conj/Air       0%         1d11      100%        5
 Manifold Assault         Tloc           0%         N/A       100%        5
 Metabolic Englaciation   Hex/Ice        0%         N/A       100%        5
 Yara's Violent Unravell  Hex/Tmut       0%         3d3       100%        5
 Simulacrum               Ice/Necr       0%         N/A       100%        6
 Enfeeble                 Hex            0%         N/A       100%        7
 Disjunction              Tloc           0%         N/A       100%        8
 Maxwell's Capacitive Co  Air            0%         ∞         100%        8


Dungeon Overview and Level Annotations

Branches:
Dungeon (4/15)
 Temple: D:4-7

Altars:
Kikubaaqudgha
Jiyva

Shops:
D:2 (

Portals:
Sewer: D:4

Annotations:
D:4 Natasha


Innate Abilities, Weirdness & Mutations

You have a pair of horns on your head.
You reflexively headbutt those who attack you in melee.


Message History

Unknown command.
You slash the adder!
You kill the adder!
You have reached level 6!
The river rat bites you but does no damage.
The river rat bites you but does no damage.
The iguana bites you but does no damage.
The river rat attacks as you move away! The river rat bites you.
* * * LOW HITPOINT WARNING * * *
You block the river rat's attack. The river rat attacks as you move away!
You block the river rat's attack.
Natasha, Servant of Life and Death comes into view.
She is carrying a wand of flame (9).
Natasha zaps a wand.
The puff of flame hits you.
* * * LOW HITPOINT WARNING * * *
The river rat attacks as you move away!
The river rat bites you but does no damage.
You hit the river rat but do no damage.
The river rat is heavily wounded.
The river rat bites you.
* * * LOW HITPOINT WARNING * * *
Natasha howls an incantation.
You feel troubled.
Natasha zaps a wand.
The puff of flame hits you but does no damage.
The river rat bites you.
* * * LOW HITPOINT WARNING * * *
Natasha zaps a wand.
The puff of flame hits you but does no damage.
The iguana attacks as you move away! The iguana bites you!
* * * LOW HITPOINT WARNING * * *
You hit the iguana.
The iguana is moderately wounded.
The iguana bites you.
* * * LOW HITPOINT WARNING * * *
The river rat bites you.
* * * LOW HITPOINT WARNING * * *
You hit the iguana.
The iguana is heavily wounded.
The iguana bites you!
You die...

!..>##...........##
......†..#...##...#
....##.###...##.######
....#### ##..##......#
.....#.## #..###.##..#
##.#..... #....#.....#
####......###.....####
#...<.##.......rl...#
......# ###...#@..##
......## #....#####
.<.....# ....#.
......#...#h..
...†........ .
........... .##..##...
.# #.# .# .# .#


You could see an iguana and a river rat.

Vanquished Creatures
  A black bear (D:4)
  A hound (D:4)
  Natasha (D:4)
  A river rat (D:4)
  5 adders
  A worm (D:2)
  A dart slug (D:1)
  5 ball pythons
  6 endoplasms
  2 giant cockroaches (D:3)
  4 hobgoblins
  13 jackals
  7 bats
  A frilled lizard (D:1)
  4 goblins
  7 kobolds
  5 rats
65 creatures vanquished.

Vanquished Creatures (others)
  An adder (D:3)
  A ball python (D:3)
2 creatures vanquished.

Grand Total: 67 creatures vanquished

Notes
Turn   | Place    | Note
-------+----------+-------------------------------------------
     0 | D:1      | GigaChad the Minotaur Fighter began the quest for the Orb.
     0 | D:1      | Reached XP level 1. HP: 19/19 MP: 0/0
   177 | D:1      | Reached XP level 2. HP: 21/27 MP: 1/1
   536 | D:1      | Reached skill level 4 in Fighting
   690 | D:2      | Reached XP level 3. HP: 33/34 MP: 2/2
   709 | D:2      | Found Tucixim's Weapon Shop.
   883 | D:2      | Reached skill level 5 in Fighting
  1551 | D:3      | Reached XP level 4. HP: 42/42 MP: 3/3
  1622 | D:3      | Found a faded altar of an unknown god.
  1831 | D:3      | Prayed at the altar of an unknown god.
  1831 | D:3      | Became a worshipper of Jiyva Jast the Shapeless
  1831 | D:3      | Reached * piety under Jiyva
  1973 | D:3      | Found an ancient bone altar of Kikubaaqudgha.
  2204 | D:3      | Got the Excursus on Quantum Ice
  2243 | D:4      | Noticed a black bear
  2253 | D:4      | Killed a black bear
  2254 | D:4      | Reached skill level 6 in Fighting
  2254 | D:4      | Reached XP level 5. HP: 51/51 MP: 4/4
  2266 | D:4      | Reached skill level 7 in Fighting
  2294 | D:4      | Found a glowing drain.
  2338 | D:4      | Noticed Natasha
  2345 | D:4      | Killed Natasha
  2346 | D:4      | Reached skill level 5 in Armour
  2355 | D:4      | Reached XP level 6. HP: 17/60 MP: 5/5
  2361 | D:4      | Noticed Natasha
  2366 | D:4      | HP: 2/60 [river rat (3)]
  2367 | D:4      | Mangled by an iguana

Illustrated notes

Levels and vault maps discovered:
D:1:      eino_arrival_cavern_c, layout_basic
D:2:      layout_basic, serial_shops, nicolae_shop_bloodbath_and_beyond
D:3:      layout_basic, lemuel_tele_altar, mainiacjoe_overflow_alcove_4,
          hellmonk_ecumenical_altar_lost_god
D:4:      layout_cave_pools, old_standard_altar, cheibrodos_sewer_entry_sluice,
          uniq_pikel, uniq_natasha

Skill      XL: |  1  2  3  4  5 |
---------------+----------------+-----
Armour         | 4 5 |  5.1
Fighting       | 4 5 6 7 |  7.0
Long Blades    | |  2.7
Shields        | |  3.9

Action                   |  1- 3 |  4- 6 || total
-------------------------+-------+-------++-------
Melee: Long sword        |    83 |    68 ||   151
       Headbutt          |    20 |    13 ||    33
  Use: Scroll            |     1 |     2 ||     3
Armor: Plate armour      |    67 |   101 ||   168
       Scale mail        |     3 |       ||     3
Dodge: Dodged            |    41 |    43 ||    84
Block: Buckler           |    19 |    30 ||    49
